Map: Rhoskallian LE

Players

BNDS

  • Race: Protoss Protoss
  • League: Diamond
  • Spawn Location: 5:00

Xyed

  • Race: Zerg Zerg
  • Spawn Location: 6:00

qqq

  • Race: Zerg Zerg
  • Spawn Location: 12:00

Massa

  • Race: Terran Terran
  • League: Platinum
  • Spawn Location: 11:00

VOD

Have the link to the VOD?

Description

Time

  • Played on: Oct. 5, 2020, 4:04 p.m.
  • Length: 15:40
Show
View Real Time Build Order
Export as new Build Order

BNDS Protoss 

Build Orders: 1 Gate Expand, Oracle Opening, Carriers 

Get SALT Encoding   

  12  0:00  Probe  
  13  0:12  Probe  
  14  0:18  Pylon  
  14  0:24  Probe  
  15  0:38  Probe  
  15  0:41  Gateway  
  16  0:51  Probe, Assimilator  
  17  1:04  Probe  
  18  1:16  Probe  
  19  1:28  Nexus  
  19  1:30  Probe  
  20  1:43  Probe  
  21  1:47  Cybernetics Core  
  21  1:58  Probe (Chrono Boost), Pylon  
  22  2:07  Probe (Chrono Boost)  
  22  2:08  Assimilator  
  23  2:16  Probe  
  23  2:17  Assimilator  
  24  2:25  Adept  
  25  2:33  Probe (Chrono Boost)  
  25  2:36  Stargate  
  26  2:42  Probe (Chrono Boost)  
  27  2:45  Probe (Chrono Boost)  
  28  2:53  Probe (Chrono Boost), Warp Gate  
  28  2:54  Probe (Chrono Boost)  
  30  2:58  Adept  
  30  3:04  Probe (Chrono Boost)  
  30  3:05  Probe (Chrono Boost)  
  34  3:15  Probe (Chrono Boost)  
  34  3:16  Probe (Chrono Boost)  
  34  3:18  Shield Battery  
  36  3:22  Probe  
  36  3:23  Oracle (Chrono Boost)  
  40  3:31  Probe  
  41  3:34  Probe  
  41  3:36  Pylon  
  42  3:43  Probe  
  42  3:46  Probe  
  43  3:55  Probe, Adept  
  46  3:58  Probe  
  46  4:01  Oracle (Chrono Boost)  
  43  4:07  Probe  
  47  4:12  Shield Battery  
  47  4:20  Shield Battery  
  47  4:21  Pylon  
  47  4:30  Probe x2, Adept  
  51  4:36  Assimilator  
  51  4:37  Void Ray (Chrono Boost)  
  49  4:39  Assimilator  
  49  4:43  Probe  
  50  4:50  Gateway  
  54  4:54  Gateway  
  54  4:57  Fleet Beacon  
  54  4:59  Probe x2  
  56  5:07  Void Ray (Chrono Boost)  
  56  5:11  Shield Battery  
  56  5:13  Pylon  
  56  5:14  Pylon  
  60  5:28  Probe x2  
  62  5:40  Probe x2  
  64  5:43  Carrier  
  70  5:56  Pylon  
  70  5:59  Adept x2  
  69  6:27  Probe  
  69  6:28  Probe  
  69  6:29  Adept  
  69  6:30  Adept x2  
  77  6:34  Stargate  
  77  6:37  Stargate  
  78  6:40  Probe x2  
  78  6:55  Carrier (Chrono Boost)  
  78  6:59  Probe x2 (Chrono Boost)  
  86  7:06  Nexus  
  86  7:08  Pylon  
  86  7:09  Pylon  
  86  7:24  Pylon  
  86  7:26  Probe x2, Carrier (Chrono Boost), Pylon  
  86  7:28  Carrier (Chrono Boost)  
  100  7:49  Probe x2  
  100  7:50  Carrier (Chrono Boost)  
  102  7:57  Assimilator  
  108  7:59  Shield Battery  
  108  8:01  Probe  
  108  8:02  Shield Battery  
  108  8:04  Shield Battery  
  108  8:05  Twilight Council  
  109  8:07  Assimilator  
  109  8:15  Probe x2  
  111  8:21  Probe  
  112  8:27  Probe x2, Carrier (Chrono Boost)  
  120  8:37  Probe  
  120  8:39  Carrier (Chrono Boost)  
  127  8:56  Carrier (Chrono Boost)  
  133  9:11  Gateway  
  133  9:13  Pylon  
  133  9:14  Pylon x2  
  133  9:16  Pylon  
  130  9:31  Carrier (Chrono Boost)  
  125  9:33  Robotics Facility  
  137  9:41  Probe x3  
  137  9:42  Carrier (Chrono Boost)  
  140  9:53  Probe  
  140  9:54  Probe x2  
  143  10:06  Void Ray (Chrono Boost)  
  147  10:16  Templar Archives, Void Ray (Chrono Boost)  
  147  10:17  Pylon  
  151  10:25  Void Ray  
  145  10:53  Carrier  
  145  10:55  Carrier  
  139  11:09  Void Ray, Flux Vanes  
  143  11:24  Cybernetics Core  
  143  11:26  Protoss Air Weapons Level 1  
  143  11:31  Nexus  
  143  11:46  Void Ray  
  141  12:01  Pylon  
  117  12:22  Psionic Storm  
  113  12:35  High Templar x3  
  113  12:36  High Templar  
  115  12:38  Carrier x2 (Chrono Boost)  
  121  12:48  Assimilator  
  121  12:50  Assimilator  
  121  12:51  Shield Battery  
  121  12:53  Shield Battery  
  121  12:54  Gateway x3  
  121  12:55  Gateway, Shield Battery  
  121  13:03  Stargate  
  121  13:04  Stargate  
  121  13:13  Carrier (Chrono Boost)  
  127  13:32  Zealot x4  
  127  13:33  Void Ray (Chrono Boost)  
  135  13:34  Probe x3  
  135  13:35  Carrier (Chrono Boost)  
  135  13:37  Forge  
  148  13:49  Void Ray x2 (Chrono Boost)  
  156  14:04  Void Ray  
  156  14:12  Zealot x5  
  156  14:13  Zealot x2  
  174  14:24  Void Ray x2  
  152  15:00  Void Ray (Chrono Boost)  
  152  15:12  Zealot  
  152  15:13  Zealot x3  
  152  15:14  Zealot x4  
Show
View Real Time Build Order
Export as new Build Order

Xyed Zerg 

Build Orders: Hatch First 

Get SALT Encoding   

  12  0:02  Drone  
  13  0:13  Overlord  
  13  0:20  Drone  
  14  0:31  Drone x2  
  16  0:37  Drone  
  17  0:54  Drone  
  18  1:00  Hatchery  
  18  1:02  Drone  
  18  1:06  Extractor  
  17  1:20  Drone, Spawning Pool  
  17  1:23  Drone  
  18  1:29  Drone  
  19  1:57  Overlord  
  19  2:00  Overlord  
  19  2:02  Overlord  
  19  2:15  Queen  
  21  2:17  Queen  
  21  2:20  Drone x2  
  25  2:25  Drone x2  
  27  2:44  Drone x3  
  27  2:47  Drone  
  31  2:51  Lair  
  31  2:57  Drone  
  31  2:58  Drone  
  33  3:04  Extractor  
  32  3:06  Drone x2  
  34  3:16  Drone  
  35  3:23  Drone  
  36  3:33  Drone x5  
  36  3:34  Drone x3  
  43  3:37  Extractor  
  43  3:40  Extractor  
  42  3:57  Drone x3  
  42  4:00  Drone, Spire  
  45  4:04  Drone  
  45  4:05  Drone  
  47  4:13  Overlord  
  47  4:17  Overlord  
  33  4:45  Drone x3  
  36  4:47  Drone x2  
  38  5:11  Queen  
  40  5:15  Hatchery  
  39  5:21  Spine Crawler  
  39  5:25  Mutalisk  
  39  5:26  Mutalisk x5, Spine Crawler  
  49  5:29  Spine Crawler  
  49  5:34  Zerg Flyer Weapons Level 1  
  48  5:38  Mutalisk x2  
  52  5:53  Mutalisk  
  52  5:54  Mutalisk  
  52  5:56  Mutalisk  
  58  6:32  Overlord x5  
  58  6:33  Overlord x2  
  58  6:38  Queen  
  58  6:56  Mutalisk  
  58  6:57  Mutalisk x4  
  68  7:02  Mutalisk x2  
  72  7:09  Drone x2  
  74  7:16  Drone  
  74  7:17  Drone x2  
  77  7:28  Zerg Flyer Weapons Level 2  
  77  7:36  Infestation Pit  
  76  7:38  Mutalisk  
  48  8:56  Drone  
  48  8:57  Drone x5  
  48  8:58  Drone x2  
  48  9:00  Drone  
  55  9:15  Drone  
  55  9:16  Drone x2, Extractor  
  57  9:20  Drone x2, Extractor  
  57  9:21  Drone  
  59  9:48  Overseer  
  59  9:49  Overseer x3  
  59  9:51  Hatchery  
  58  9:56  Pneumatized Carapace  
  58  10:02  Hive  
  58  10:04  Zerg Flyer Armor Level 1  
  58  10:05  Hatchery  
  57  10:39  Burrow  
  57  10:47  Overlord x2  
  57  10:48  Overlord x14  
  57  10:56  Drone x11  
  68  11:04  Drone x4  
  72  11:08  Queen  
  74  11:21  Overseer x3  
  74  11:22  Overseer x3  
  74  11:29  Mutalisk  
  74  11:30  Mutalisk x9  
  94  11:36  Mutalisk  
  94  11:37  Mutalisk  
  96  12:00  Mutalisk x9  
  114  12:02  Mutalisk  
  82  14:09  Corruptor x11  
  84  14:10  Corruptor x4  
  112  14:23  Corruptor x5  
  122  14:43  Spire  
  121  15:33  Extractor  
  120  15:35  Extractor  
Show
View Real Time Build Order
Export as new Build Order

qqq Zerg 

Build Orders: Hatch First 

Get SALT Encoding   

  12  0:11  Drone x2  
  14  0:39  Hatchery  
  13  0:52  Drone  
  14  1:02  Spawning Pool  
  13  1:08  Overlord  
  13  1:09  Drone  
  14  1:13  Extractor  
  14  1:14  Drone  
  14  1:27  Drone  
  15  1:41  Drone x2  
  17  1:49  Queen  
  17  1:51  Drone  
  17  1:52  Drone  
  21  2:10  Drone  
  21  2:12  Drone  
  23  2:19  Drone  
  23  2:21  Metabolic Boost  
  24  2:24  Drone x2  
  24  2:29  Overlord  
  26  2:35  Queen  
  28  2:41  Overlord  
  28  2:47  Drone  
  28  2:51  Zergling x2  
  30  2:52  Drone  
  30  2:58  Zergling x2  
  32  3:00  Drone  
  32  3:04  Zergling x6  
  36  3:08  Drone  
  37  3:27  Zergling x4  
  37  3:30  Zergling x4  
  41  3:34  Lair  
  41  3:35  Roach Warren  
  41  3:36  Drone  
  41  3:38  Zergling x2  
  42  3:47  Zergling x4  
  42  3:48  Overlord x2  
  44  4:08  Spore Crawler  
  43  4:12  Spore Crawler  
  42  4:26  Zergling x12  
  42  4:27  Zergling x6  
  44  4:41  Zergling x4  
  46  4:53  Roach  
  46  4:54  Roach  
  50  5:04  Extractor, Drone  
  52  5:14  Roach  
  52  5:15  Roach x2  
  52  5:17  Hatchery  
  54  5:30  Hatchery  
  54  5:32  Roach x3  
  59  5:45  Overlord x2  
  59  5:52  Hydralisk Den  
  58  5:59  Drone  
  58  6:04  Drone x4  
  61  6:06  Overlord  
  61  6:07  Drone x3  
  65  6:17  Zergling x2  
  63  6:18  Drone x2  
  63  6:19  Drone  
  54  6:34  Drone x3  
  54  6:36  Hydralisk x2  
  59  6:49  Hydralisk x2  
  56  6:54  Muscular Augments  
  56  6:55  Hydralisk  
  56  6:57  Drone x3  
  56  7:00  Extractor  
  53  7:04  Drone x2  
  55  7:10  Drone x3  
  55  7:11  Hydralisk  
  60  7:16  Drone x2  
  60  7:21  Drone  
  60  7:22  Drone  
  64  7:23  Drone  
  64  7:24  Drone  
  64  7:25  Hydralisk  
  68  7:33  Drone x3, Extractor  
  68  7:34  Hydralisk  
  72  7:41  Spore Crawler  
  68  7:47  Hydralisk  
  68  7:48  Hydralisk x2  
  68  7:50  Drone x2  
  76  8:04  Spore Crawler  
  75  8:06  Drone x2, Hydralisk x2, Spore Crawler  
  75  8:07  Hydralisk  
  82  8:30  Hydralisk x3  
  88  8:43  Overlord x7  
  88  8:44  Overlord  
  88  8:53  Spore Crawler  
  88  8:54  Drone  
  88  8:57  Drone, Spore Crawler  
  88  9:00  Drone, Spine Crawler  
  88  9:01  Overlord x3  
  88  9:08  Hydralisk  
  90  9:10  Drone x4  
  92  9:26  Hydralisk  
  92  9:27  Hydralisk x3  
  92  9:28  Drone x3  
  103  9:34  Drone x2, Hydralisk x2  
  103  9:36  Hydralisk  
  111  9:54  Evolution Chamber x2  
  85  10:00  Hydralisk x2  
  85  10:01  Hydralisk x4  
  85  10:03  Hydralisk  
  85  10:04  Hydralisk x2  
  95  10:15  Drone x2  
  95  10:16  Drone x2  
  95  10:17  Zergling x8  
  103  10:23  Hydralisk  
  103  10:25  Drone  
  96  10:29  Drone x2  
  94  10:40  Hydralisk x5  
  94  10:41  Hydralisk  
  97  10:54  Hatchery  
  92  10:59  Hydralisk x3  
  92  11:00  Hydralisk x2  
  98  11:12  Hydralisk x2  
  102  11:30  Hydralisk x3  
  102  11:31  Hydralisk  
  81  12:05  Hydralisk x6  
  81  12:06  Hydralisk x2  
  87  12:15  Drone  
  86  12:16  Hydralisk  
  86  12:40  Hydralisk x4  
  86  12:41  Hydralisk  
  86  12:42  Drone x3  
  89  12:45  Extractor, Queen  
  89  12:46  Extractor  
  89  12:51  Hydralisk  
  89  12:52  Hydralisk  
  93  13:04  Hatchery  
  92  13:20  Queen  
  92  13:24  Drone x3  
  97  13:29  Hydralisk x7  
  97  13:30  Hydralisk x3  
  118  13:36  Hatchery  
  111  13:47  Spore Crawler  
  102  13:48  Spore Crawler  
  102  13:49  Spore Crawler  
  102  13:51  Hydralisk x3  
  102  14:06  Drone x2  
  102  14:07  Drone, Hydralisk x4, Spore Crawler  
  102  14:08  Hydralisk  
  114  14:37  Hatchery  
  113  14:39  Hydralisk x3  
  113  14:40  Hydralisk x3  
  119  14:48  Hatchery  
  88  14:56  Hydralisk x3  
  88  14:58  Drone  
  88  14:59  Drone  
  66  15:08  Hydralisk x2  
  66  15:11  Drone  
Show
View Real Time Build Order
Export as new Build Order

Massa Terran 

Build Orders:  

Get SALT Encoding   

  12  0:00  SCV  
  13  0:12  SCV  
  14  0:22  Supply Depot  
  14  0:24  SCV  
  15  0:32  Refinery  
  15  0:44  SCV  
  15  0:46  Barracks  
  16  0:56  SCV  
  17  1:08  SCV  
  18  1:20  SCV  
  19  1:32  SCV  
  20  1:46  Orbital Command  
  20  1:48  Reaper  
  20  1:54  Command Center  
  21  2:12  Supply Depot  
  21  2:14  Factory  
  21  2:17  SCV  
  22  2:31  SCV  
  22  2:36  Marine  
  24  2:45  SCV  
  25  2:57  SCV  
  26  3:02  Command Center  
  26  3:05  Barracks Tech Lab  
  26  3:09  Supply Depot  
  26  3:13  Factory Reactor  
  26  3:24  Engineering Bay  
  26  3:28  Starport  
  26  3:51  Marauder  
  28  4:00  Hellion x2  
  32  4:10  Missile Turret  
  32  4:12  Marauder  
  32  4:13  Missile Turret  
  32  4:16  Missile Turret  
  34  4:22  SCV, Hellion  
  37  4:24  Missile Turret  
  37  4:28  Hellion  
  39  4:32  Stimpack  
  39  4:34  Marauder  
  41  4:39  Medivac  
  45  4:45  Hellion  
  45  4:47  Orbital Command  
  45  4:55  Marauder  
  45  4:57  Orbital Command  
  45  4:58  SCV  
  48  5:10  SCV  
  49  5:16  SCV  
  49  5:19  Widow Mine x2  
  54  5:22  SCV  
  54  5:23  Marauder  
  54  5:26  Barracks  
  54  5:28  SCV  
  58  5:35  SCV  
  59  5:40  SCV  
  60  5:47  SCV  
  61  5:52  Marine  
  61  5:56  Viking  
  64  5:58  SCV x2  
  64  5:59  SCV  
  64  6:03  Refinery  
  67  6:05  Refinery  
  67  6:10  SCV, Marine  
  69  6:19  SCV  
  62  6:36  Widow Mine x2  
  62  6:38  Supply Depot  
  66  6:43  Refinery  
  64  6:48  Viking  
  64  6:53  Armory  
  66  6:57  Widow Mine, Marine  
  66  7:00  Widow Mine  
  66  7:01  Supply Depot  
  71  7:03  Barracks  
  71  7:04  Barracks  
  71  7:06  Barracks  
  71  7:14  Marine  
  71  7:15  Marine  
  72  7:18  Medivac  
  75  7:24  Supply Depot  
  75  7:30  Barracks  
  75  7:32  Marine  
  75  7:33  Marine  
  75  7:35  Combat Shield  
  77  7:37  Factory Tech Lab  
  77  7:49  Supply Depot  
  77  7:50  Marine  
  77  7:51  Marine  
  77  7:53  Barracks  
  77  8:08  Marine  
  77  8:09  Marine  
  77  8:17  SCV x3  
  71  8:29  SCV x3  
  71  8:30  Missile Turret  
  71  8:32  Missile Turret  
  74  8:37  Terran Infantry Weapons Level 1  
  74  8:41  SCV x3  
  74  8:42  Engineering Bay  
  74  8:44  Thor  
  74  8:47  Barracks Reactor x2  
  74  8:48  Marine x2  
  84  8:49  Marine  
  84  8:52  Marine  
  84  8:53  SCV  
  88  8:56  Concussive Shells  
  88  9:02  SCV x2  
  90  9:27  Thor  
  96  9:37  Marine x3  
  96  9:38  Marauder  
  101  9:39  Missile Turret  
  101  9:40  Orbital Command, Missile Turret  
  101  9:50  Supply Depot  
  101  10:01  Missile Turret  
  101  10:02  Missile Turret  
  101  10:11  Marine x4, Viking  
  101  10:12  Marauder  
  101  10:13  Supply Depot  
  109  10:24  Marine x2, Missile Turret  
  109  10:25  Supply Depot  
  109  10:34  SCV x3, Marine x5  
  117  10:36  Supply Depot  
  117  10:46  Viking, Thor  
  117  10:47  SCV x2  
  117  10:48  SCV, Marine, Supply Depot  
  117  10:49  Marine  
  124  10:52  Marine x2  
  108  10:59  SCV  
  108  11:00  SCV x2  
  108  11:02  Marine  
  108  11:03  Marine x4  
  98  11:06  Marine x2  
  98  11:10  Factory, Marine x2  
  98  11:11  Supply Depot  
  90  11:13  Factory  
  90  11:16  Viking  
  86  11:20  Marine x5  
  86  11:24  Marine x2  
  82  11:28  Marine x2  
  82  11:29  Thor  
  82  11:32  Command Center  
  90  11:34  Supply Depot  
  90  11:37  Marine  
  90  11:38  Marine x3  
  91  11:40  Marine  
  91  11:41  Marine  
  91  11:42  Marine  
  91  11:45  Marine x2  
  96  11:55  Marine  
  96  11:56  Marine x3  
  100  12:05  Marine x2  
  100  12:06  Marine x3  
  105  12:12  Thor  
  105  12:13  Factory Tech Lab, Marine  
  105  12:14  Factory Tech Lab, Marine x3  
  104  12:23  Marine x3  
  104  12:24  Marine x2  
  107  12:31  Marine  
  106  12:39  Missile Turret  
  106  12:40  Missile Turret  
  106  12:41  SCV, Missile Turret  
  106  12:42  SCV x2  
  97  12:53  SCV  
  97  12:54  SCV x2, Thor  
  95  13:05  SCV  
  95  13:06  SCV x2  
  95  13:07  Missile Turret  
  95  13:08  Missile Turret x2  
  97  13:18  SCV x2  
  99  13:23  Thor  
  99  13:25  Thor  
  111  13:30  Missile Turret  
  111  14:11  Command Center, Missile Turret  
  111  14:14  Missile Turret  
  111  14:15  Missile Turret x3  
  111  14:36  Marine x4  
  111  14:37  Marine x2, Thor x2  
  111  14:38  Thor  
  99  14:58  Marine  
  99  14:59  Marine x8  
  90  15:03  SCV x2  
  92  15:16  Marine  
  92  15:17  Marine x4  
  103  15:26  SCV x3  
Tags
 
Add a new tag
Caveats
  • Supply blocks, unpowered buildings, or Contaminate may cause inaccurate times.
  • Supply counts are checked every 10 seconds.